Map: Catalyst LE

Players

DerZerFetzer - Winner!

  • Race: Zerg Zerg
  • League: Master
  • Spawn Location: 11:00

Absence

  • Race: Terran Terran
  • League: Diamond
  • Spawn Location: 5:00

VOD

Have the link to the VOD?

Description

zvt 6ling,3ravager,macro vs reaper expand

Time

  • Played on: Feb. 11, 2018, 8:10 p.m.
  • Length: 13:35
Show
View Real Time Build Order
Export as new Build Order

DerZerFetzer Zerg - Winner!

Build Orders: Pool First 

Get SALT Encoding   

  12  0:01  Drone  
  13  0:08  Drone  
  14  0:16  Extractor, Drone  
  14  0:33  Spawning Pool  
  13  0:42  Drone  
  14  0:44  Overlord  
  14  1:03  Drone  
  15  1:20  Zergling x6  
  15  1:23  Roach Warren  
  17  1:33  Queen  
  19  1:42  Overlord  
  19  2:04  Roach x2  
  19  2:05  Roach  
  25  2:26  Ravager  
  25  2:27  Ravager  
  27  2:31  Ravager  
  25  2:53  Hatchery  
  25  2:54  Drone x3  
  25  2:57  Drone  
  28  3:03  Drone  
  29  3:07  Overlord  
  29  3:32  Drone x4  
  33  3:44  Drone  
  34  4:00  Drone  
  34  4:02  Queen  
  37  4:08  Drone x2  
  39  4:26  Drone x3  
  42  4:38  Queen  
  44  4:39  Hatchery  
  37  4:56  Metabolic Boost  
  37  4:58  Drone x9  
  43  5:16  Extractor  
  43  5:17  Extractor, Lair  
  41  5:26  Overlord x5  
  41  5:27  Overlord  
  41  5:43  Queen  
  41  5:44  Zergling x2  
  44  5:50  Drone x3  
  44  5:51  Evolution Chamber  
  44  5:52  Evolution Chamber, Drone x3  
  44  5:54  Baneling Nest  
  47  6:01  Zergling x14  
  54  6:08  Overlord  
  54  6:09  Overlord  
  54  6:13  Zergling x4  
  56  6:21  Zerg Ground Armor Level 1  
  56  6:27  Drone x2  
  56  6:28  Zergling x2, Drone  
  56  6:29  Zergling x6  
  63  6:36  Zergling x6  
  63  6:37  Zergling x2  
  67  6:44  Zerg Melee Weapons Level 1  
  67  6:47  Centrifical Hooks  
  67  6:50  Drone x2  
  67  6:51  Drone  
  67  6:53  Drone  
  71  7:04  Baneling  
  71  7:05  Baneling x4  
  71  7:06  Zergling x10  
  71  7:07  Zergling x2  
  77  7:14  Queen  
  79  7:16  Queen  
  79  7:39  Zergling x2  
  79  7:40  Zergling x26  
  87  8:01  Drone x7  
  94  8:09  Zergling x2  
  94  8:10  Zergling x8  
  83  8:32  Drone x2  
  83  8:33  Extractor, Drone  
  85  8:34  Zerg Ground Armor Level 2, Spire  
  85  8:39  Infestation Pit, Drone x2  
  85  8:40  Drone  
  86  8:44  Extractor, Drone x2  
  86  8:45  Extractor, Drone x8  
  94  8:57  Drone  
  94  8:58  Drone x2  
  96  9:20  Zergling x18  
  96  9:23  Baneling x3  
  96  9:24  Baneling x10  
  105  9:25  Hive  
  105  9:39  Overlord x2  
  105  9:40  Overlord x6  
  105  9:58  Zergling x4  
  105  9:59  Zergling x16  
  112  10:11  Drone x2  
  113  10:14  Drone x2  
  115  10:24  Zergling x10  
  115  10:25  Zergling x2  
  121  10:33  Zerg Melee Weapons Level 2  
  121  10:42  Ultralisk Cavern  
  120  10:48  Baneling x7  
  120  10:55  Baneling  
  120  10:56  Baneling x16  
  120  11:10  Extractor, Hatchery  
  118  11:15  Extractor  
  117  11:28  Chitinous Plating  
  117  11:30  Ultralisk x2  
  126  11:33  Zergling x2  
  126  11:34  Zergling x52  
  151  11:53  Zergling x4  
  151  11:54  Zergling x8  
  125  11:58  Zergling x8  
  125  11:59  Zergling x4  
  122  12:09  Drone x3  
  118  12:21  Ultralisk  
  118  12:22  Ultralisk x3  
  133  12:38  Drone x13  
  143  12:50  Overlord x4  
  137  13:08  Baneling x11  
  137  13:09  Baneling  
  137  13:14  Hatchery  
Show
View Real Time Build Order
Export as new Build Order

Absence Terran 

Build Orders: Reaper Expand 

Get SALT Encoding   

  12  0:01  SCV  
  13  0:13  SCV  
  14  0:20  Supply Depot  
  14  0:25  SCV  
  15  0:42  SCV  
  16  0:46  Barracks  
  16  0:48  Refinery  
  16  0:54  SCV  
  17  1:06  SCV  
  18  1:18  SCV  
  19  1:33  Orbital Command  
  19  1:34  Reaper  
  20  1:44  Command Center  
  20  1:54  Supply Depot  
  20  1:58  Refinery  
  20  2:00  SCV  
  21  2:12  Factory  
  22  2:15  SCV  
  22  2:19  Marine  
  22  2:27  SCV  
  23  2:37  Marine  
  23  2:39  SCV  
  25  2:52  SCV  
  25  2:53  Command Center  
  25  2:56  Hellion  
  28  3:01  Starport  
  28  3:04  SCV  
  28  3:08  Bunker  
  28  3:12  Marine  
  29  3:16  SCV  
  27  3:53  Supply Depot  
  27  3:54  Supply Depot  
  27  4:05  SCV  
  29  4:13  Cyclone  
  29  4:19  Barracks  
  29  4:20  SCV  
  28  4:33  SCV  
  24  4:45  Hellion  
  27  5:07  SCV  
  27  5:10  SCV  
  28  5:19  Cyclone  
  28  5:20  Supply Depot  
  31  5:22  SCV  
  32  5:31  Orbital Command  
  32  5:32  Barracks Tech Lab  
  32  5:34  SCV  
  33  5:46  Supply Depot, SCV  
  33  5:49  Liberator  
  34  5:51  Hellion  
  34  5:55  Orbital Command  
  34  5:56  Marine  
  37  5:58  SCV  
  38  6:11  SCV  
  42  6:14  Supply Depot, Marine  
  43  6:21  Factory Tech Lab, SCV  
  43  6:23  SCV  
  45  6:32  Marine  
  46  6:33  SCV  
  46  6:35  SCV  
  48  6:45  Siege Tank, SCV  
  52  6:47  SCV  
  52  6:49  Barracks  
  52  6:50  Reaper  
  52  6:53  Supply Depot  
  54  6:57  SCV  
  54  6:59  SCV  
  56  7:02  Stimpack  
  56  7:09  SCV  
  56  7:11  SCV  
  58  7:22  Marine, SCV  
  60  7:23  SCV  
  60  7:26  Starport Reactor  
  60  7:27  Supply Depot  
  61  7:34  SCV  
  61  7:35  SCV  
  63  7:39  Siege Tank  
  63  7:40  Marine  
  63  7:43  Barracks  
  63  7:44  Barracks  
  67  7:46  SCV  
  67  7:47  SCV  
  56  7:55  Marine  
  56  7:57  Marine  
  59  7:59  SCV  
  59  8:05  Bunker  
  59  8:07  Orbital Command  
  59  8:11  Widow Mine  
  53  8:15  Marine  
  48  8:26  Marine  
  42  8:27  SCV  
  42  8:32  Widow Mine  
  42  8:33  Marine  
  46  8:34  Marine  
  46  8:38  SCV  
  46  8:39  SCV  
  46  8:40  Marine  
  50  8:43  Marine  
  51  8:51  Marine, SCV x2  
  51  8:52  Marine  
  51  8:54  Siege Tank  
  58  8:55  Engineering Bay  
  58  8:58  Marine  
  58  9:02  Marine  
  59  9:03  SCV  
  59  9:04  SCV  
  59  9:09  Marine  
  63  9:10  Marine  
  63  9:12  Medivac x2  
  63  9:15  Marine  
  70  9:17  SCV  
  70  9:21  SCV  
  71  9:24  Terran Infantry Weapons Level 1  
  71  9:25  Marine  
  71  9:26  Widow Mine  
  71  9:27  Marine  
  71  9:29  Marine  
  76  9:33  Marine  
  77  9:39  Engineering Bay  
  77  9:40  Refinery  
  77  9:43  Marine  
  77  9:44  Marine, SCV  
  80  9:47  Widow Mine, SCV  
  80  9:48  Marine  
  84  9:55  Command Center  
  84  9:56  SCV  
  84  9:59  Marine  
  86  10:06  Marine  
  86  10:07  Marine  
  86  10:08  SCV  
  86  10:14  Factory  
  73  10:17  SCV  
  73  10:18  Marine  
  73  10:20  Refinery  
  73  10:21  Combat Shields  
  75  10:22  Marine  
  75  10:23  SCV  
  75  10:24  Barracks, Marine  
  75  10:25  Marine  
  79  10:29  SCV  
  79  10:34  Widow Mine  
  79  10:35  Widow Mine  
  84  10:36  Marine  
  84  10:41  Marine  
  86  10:43  Supply Depot  
  86  10:44  Marine  
  86  10:47  Marine  
  88  10:54  Marine  
  89  10:59  Sensor Tower  
  89  11:03  SCV  
  90  11:05  Marine  
  90  11:06  Marauder  
  93  11:12  Marine x2  
  95  11:22  Widow Mine x2  
  95  11:23  Marine  
  100  11:26  Marine  
  100  11:30  Marine  
  100  11:31  Marine  
  103  11:40  Marine  
  103  11:43  Widow Mine, Hellion  
  103  11:44  Marine  
  109  11:48  Marine  
  109  11:49  Marine  
  76  11:58  Marine  
  61  12:02  Marine, SCV  
  61  12:04  Hellion  
  61  12:06  Marine  
  61  12:07  Marine  
  58  12:16  Marine  
  58  12:20  Marine  
  49  12:24  Marine  
  49  12:25  Marine  
  43  12:34  Marine  
  43  12:38  Marine  
  43  12:42  Marine x2  
  44  12:49  SCV  
  45  12:52  Marine  
  45  12:55  Marine  
  47  12:59  Marine  
  47  13:00  Marine  
  47  13:01  SCV  
  50  13:09  Marine  
  51  13:13  Marine, SCV  
  51  13:17  Marine  
Tags
 
Add a new tag
Caveats
  • Supply blocks, unpowered buildings, or Contaminate may cause inaccurate times.
  • Supply counts are checked every 10 seconds.